[Event "9th Holuj-Radzikowska Rapid 19"]
[Site "Wroclaw"]
[Date "2019.12.07"]
[Round "1"]
[White "Zatonskih, Anna"]
[Black "Antolak, Julia"]
[Result "1/2-1/2"]
[ECO "A46"]
[WhiteElo "2420"]
[BlackElo "2249"]
[Annotator "ChessBase"]
[PlyCount "242"]
[EventDate "2019.12.06"]
[EventType "team-tourn"]
[EventCountry "POL"]
[SourceTitle "playchess.com"]
[Source "ChessBase"]
[SourceQuality "1"]
[WhiteTeam "Team World"]
[BlackTeam "Team Poland"]
[TimeControl "900+10"]

1. d4 Nf6 2. Nf3 d6 3. g3 Nbd7 4. Bg2 e5 5. c4 Be7 6. Nc3 c6 7. e4 O-O 8. O-O a6 9. a4 a5 10. b3 Re8 11. h3 Bf8 12. Qc2 exd4 13. Nxd4 Nc5 14. Be3 g6 15. Rfd1 Qb6 16. Rab1 Bg7 17. f4 Qc7 18. Ndb5 cxb5 19. Nxb5 Qe7 20. Nxd6 Na6 21. Nxe8 Nxe8 22. Qf2 Bd7 23. e5 Bc6 24. Bd5 Nec7 25. Bxc6 bxc6 26. Rd6 Ne6 27. Rxc6 Qb7 28. Rb6 Qe4 29. Rd1 Nb4 30. Rbd6 Bf8 31. R6d2 Rc8 32. Kh2 h5 33. Rf1 Bh6 34. Qf3 Qxf3 35. Rxf3 Bf8 36. g4 hxg4 37. hxg4 Rb8 38. f5 Nd8 39. fxg6 fxg6 40. Rf6 Bg7 41. Rxg6 Kh7 42. Rg5 Nf7 43. Rh5+ Kg6 44. e6 Ne5 45. Kg3 Rb7 46. Rg5+ Kf6 47. Rf2+ Kxe6 48. Bd4 Nbc6 49. Bxe5 Nxe5 50. Kg2 Bf6 51. Rgf5 Nxg4 52. Rxa5 Nxf2 53. Kxf2 Rxb3 54. Ra6+ Ke5 55. a5 Be7 56. Rc6 Kd4 57. a6 Bc5 58. Rc8 Ra3 59. Ke2 Rxa6 60. Kf3 Re6 61. Rd8+ Kxc4 62. Kf4 Bd4 63. Kf5 Re2 64. Ra8 Kd3 65. Ra3+ Bc3 66. Ra8 Re5+ 67. Kf4 Rd5 68. Ra7 Bd2+ 69. Kf3 Rf5+ 70. Kg4 Rf8 71. Ra3+ Ke4 72. Ra4+ Ke5 73. Ra7 Bb4 74. Rc7 Bd6 75. Rc2 Rf4+ 76. Kg3 Rf1 77. Rd2 Ke6+ 78. Kg2 Rf8 79. Rf2 Rg8+ 80. Kf3 Ke5 81. Rg2 Rf8+ 82. Ke3 Bc5+ 83. Kd3 Rf4 84. Rg5+ Kd6 85. Rg6+ Kd5 86. Rg5+ Kc6 87. Rg6+ Bd6 88. Rg5 Ra4 89. Rh5 Kd7 90. Rh6 Kc6 91. Rh5 Bc5 92. Rh8 Rd4+ 93. Kc3 Rg4 94. Rh5 Kb5 95. Kd3 Rd4+ 96. Kc3 Rd6 97. Rf5 Re6 98. Kd3 Re3+ 99. Kd2 Rh3 100. Ke2 Kc4 101. Rf7 Re3+ 102. Kd2 Re4 103. Rc7 Re8 104. Rc6 Kd4 105. Rg6 Re4 106. Rg8 Kc4 107. Rc8 Re7 108. Rc6 Kd4 109. Rc8 Rh7 110. Rd8+ Kc4 111. Ke2 Rh3 112. Rc8 Kd5 113. Rd8+ Bd6 114. Ra8 Be5 115. Ra4 Bd4 116. Ra8 Ke4 117. Re8+ Be5 118. Kf2 Rh2+ 119. Kg1 Rd2 120. Ra8 Bf4 121. Ra4+ Ke5 1/2-1/2

[Event "9th Holuj-Radzikowska Rapid 19"]
[Site "Wroclaw"]
[Date "2019.12.07"]
[Round "1"]
[White "Bodnaruk, Anastasia"]
[Black "Sliwicka, Alicja"]
[Result "1-0"]
[ECO "B23"]
[WhiteElo "2413"]
[BlackElo "2264"]
[Annotator "ChessBase"]
[PlyCount "59"]
[EventDate "2019.12.06"]
[EventType "team-tourn"]
[EventCountry "POL"]
[SourceTitle "playchess.com"]
[Source "ChessBase"]
[SourceQuality "1"]
[WhiteTeam "Team World"]
[BlackTeam "Team Poland"]
[TimeControl "900+10"]

1. e4 c5 2. Nc3 d6 3. d4 cxd4 4. Qxd4 Nc6 5. Qd2 g6 6. b3 Bh6 7. f4 Nf6 8. Bb2 e5 9. g3 Nd4 10. O-O-O O-O 11. Kb1 Bg4 12. Be2 Nxe2 13. Ngxe2 Bf3 14. Rhf1 Nxe4 15. Nxe4 Bxe4 16. Qb4 Bf5 17. fxe5 Qc8 18. Nd4 Bg4 19. exd6 Bxd1 20. Rxd1 Qg4 21. Rd3 Rad8 22. Nc6 f5 23. Qc3 Rd7 24. Qh8+ Kf7 25. Qxh7+ Ke8 26. Qxh6 f4 27. Ne5 Qf5 28. Nxd7 Qxd7 29. Qxg6+ Kd8 30. gxf4 1-0

[Event "9th Holuj-Radzikowska Rapid 19"]
[Site "Wroclaw"]
[Date "2019.12.07"]
[Round "1"]
[White "Socko, Monika"]
[Black "Arabidze, Meri"]
[Result "0-1"]
[ECO "D30"]
[WhiteElo "2407"]
[BlackElo "2435"]
[Annotator "ChessBase"]
[PlyCount "112"]
[EventDate "2019.12.06"]
[EventType "team-tourn"]
[EventCountry "POL"]
[SourceTitle "playchess.com"]
[Source "ChessBase"]
[SourceQuality "1"]
[WhiteTeam "Team Poland"]
[BlackTeam "Team World"]
[TimeControl "900+10"]

1. d4 d5 2. c4 e6 3. Nf3 Nf6 4. g3 Bb4+ 5. Nbd2 dxc4 6. Qc2 b5 7. Bg2 Bb7 8. O-O O-O 9. Rd1 a6 10. a3 Bxd2 11. Bxd2 Be4 12. Qc1 Nbd7 13. Bb4 Re8 14. Qf4 Nb6 15. Ba5 Nbd5 16. Qh4 Ne7 17. g4 Ng6 18. Qg3 Nd5 19. e3 Qd6 20. Ne5 Bxg2 21. Kxg2 Rec8 22. h4 f6 23. Nxg6 hxg6 24. g5 Qxg3+ 25. Kxg3 Ne7 26. e4 Kf7 27. f3 Nc6 28. Bc3 Rd8 29. Kf2 Rd7 30. Ke3 a5 31. d5 exd5 32. Rxd5 Rxd5 33. exd5 Ne7 34. Kd4 Rd8 35. Bxa5 Nc6+ 36. Kc5 Nxa5 37. Kxb5 Rxd5+ 38. Kb4 fxg5 39. hxg5 Rxg5 40. Rd1 Ke6 41. a4 Rf5 42. Rh1 g5 43. Rh8 Nc6+ 44. Kxc4 Rxf3 45. Kc5 Na5 46. Re8+ Kd7 47. Rg8 Rf5+ 48. Kd4 Nc6+ 49. Ke4 Rf7 50. Rh8 Rf4+ 51. Ke3 Rxa4 52. Rh7 g4 53. Rxg7+ Kc8 54. Rg5 Rb4 55. Kd3 Rxb2 56. Rxg4 Ne5+ 0-1

[Event "9th Holuj-Radzikowska Rapid 19"]
[Site "Wroclaw"]
[Date "2019.12.07"]
[Round "1"]
[White "Zawadzka, Jolanta"]
[Black "Houska, Jovanka"]
[Result "1/2-1/2"]
[ECO "B18"]
[WhiteElo "2400"]
[BlackElo "2412"]
[Annotator "ChessBase"]
[PlyCount "113"]
[EventDate "2019.12.06"]
[EventType "team-tourn"]
[EventCountry "POL"]
[SourceTitle "playchess.com"]
[Source "ChessBase"]
[SourceQuality "1"]
[WhiteTeam "Team Poland"]
[BlackTeam "Team World"]
[TimeControl "900+10"]

1. e4 c6 2. d4 d5 3. Nd2 dxe4 4. Nxe4 Bf5 5. Ng3 Bg6 6. Nh3 Nd7 7. c3 Ngf6 8. Bc4 Nb6 9. Bb3 a5 10. a4 e6 11. Nf4 Nbd5 12. Nxg6 hxg6 13. Bg5 Qc7 14. Qe2 Bd6 15. Nf1 O-O-O 16. O-O-O Bf4+ 17. Bxf4 Qxf4+ 18. Kb1 Qe4+ 19. Qc2 Qxg2 20. Ne3 Nxe3 21. fxe3 Qxc2+ 22. Kxc2 Ng4 23. Rde1 Rh3 24. e4 Rdh8 25. Kb1 Rxh2 26. Rhg1 R8h4 27. d5 cxd5 28. exd5 e5 29. Bd1 Nf2 30. Rxe5 Rh1 31. Ree1 Rxg1 32. Rxg1 Nxd1 33. Rxd1 Rxa4 34. Rf1 f6 35. Rh1 Kd7 36. Rh7 Kd6 37. Rxg7 g5 38. b3 Rf4 39. c4 b5 40. Rf7 bxc4 41. bxc4 Rxc4 42. Rxf6+ Ke5 43. Rg6 g4 44. d6 Rd4 45. d7 Kf4 46. Rg7 g3 47. Kc2 Kf3 48. Rf7+ Ke2 49. Re7+ Kf1 50. Rf7+ Kg1 51. Kc3 Rd1 52. Rf3 g2 53. Rd3 Rxd3+ 54. Kxd3 Kf1 55. d8=Q g1=Q 56. Qxa5 Qg3+ 57. Kc2 1/2-1/2

[Event "9th Holuj-Radzikowska Rapid 19"]
[Site "Wroclaw"]
[Date "2019.12.07"]
[Round "1"]
[White "Badelka, Olga"]
[Black "Cyfka, Karina"]
[Result "1-0"]
[ECO "A20"]
[WhiteElo "2399"]
[BlackElo "2410"]
[Annotator "ChessBase"]
[PlyCount "61"]
[EventDate "2019.12.06"]
[EventType "team-tourn"]
[EventCountry "POL"]
[SourceTitle "playchess.com"]
[Source "ChessBase"]
[SourceQuality "1"]
[WhiteTeam "Team World"]
[BlackTeam "Team Poland"]
[TimeControl "900+10"]

1. c4 e5 2. g3 Nf6 3. Bg2 d5 4. cxd5 Nxd5 5. Nf3 Nc6 6. O-O Be7 7. d4 e4 8. Ne5 f5 9. Nxc6 bxc6 10. Qa4 Qd6 11. Nc3 Nb6 12. Qd1 Be6 13. Bf4 Qd7 14. Na4 Rb8 15. Nc5 Bxc5 16. dxc5 Qxd1 17. Rfxd1 Nd5 18. Be5 Kf7 19. a3 Nf6 20. e3 Rxb2 21. Bxc7 Rb1 22. Raxb1 Bc8 23. Bf1 Nd5 24. Bd6 Rd8 25. Rb8 Ke6 26. Ba6 Kd7 27. Bxc8+ Rxc8 28. Rb7+ Ke6 29. Rxg7 Ra8 30. Rxh7 Nc3 31. Re7+ {Kd5 Re5+ Kc4 Rxf5 Kb3 Be5 Na4 Bd4 Kxa3 h4 Nb2 h5 Nd3 h6 Nc1 Bg7} 1-0

[Event "9th Holuj-Radzikowska Rapid 19"]
[Site "Wroclaw"]
[Date "2019.12.07"]
[Round "1"]
[White "Majdan, Joanna"]
[Black "Bulmaga, Irina"]
[Result "1/2-1/2"]
[ECO "C92"]
[WhiteElo "2336"]
[BlackElo "2434"]
[Annotator "ChessBase"]
[PlyCount "98"]
[EventDate "2019.12.06"]
[EventType "team-tourn"]
[EventCountry "POL"]
[SourceTitle "playchess.com"]
[Source "ChessBase"]
[SourceQuality "1"]
[WhiteTeam "Team Poland"]
[BlackTeam "Team World"]
[TimeControl "900+10"]

1. e4 e5 2. Nf3 Nc6 3. Bb5 a6 4. Ba4 Nf6 5. O-O b5 6. Bb3 Be7 7. Re1 O-O 8. c3 d6 9. h3 Bb7 10. d4 Nd7 11. Nbd2 exd4 12. cxd4 Bf6 13. Nf1 Na5 14. Bc2 Re8 15. Rb1 c5 16. d5 Nc4 17. b3 Nce5 18. N3h2 a5 19. Ng3 Ng6 20. Rf1 Bc8 21. f4 Nb6 22. Ng4 Bd4+ 23. Kh2 b4 24. Bb2 Bxb2 25. Rxb2 f6 26. Bd3 a4 27. Ne3 axb3 28. axb3 Ba6 29. Bxa6 Rxa6 30. Ngf5 Ra3 31. Qd3 Na4 32. Rbf2 Nc3 33. Nc4 Ra6 34. Re1 Ne7 35. Nxe7+ Qxe7 36. e5 Qb7 37. Rd2 dxe5 38. fxe5 fxe5 39. d6 e4 40. Qe3 Qc6 41. Ne5 Qb6 42. Qf4 Raa8 43. Qf7+ Kh8 44. Qh5 Kg8 45. Qf7+ Kh8 46. Qh5 Kg8 47. Qf7+ Kh8 48. Qh5 Kg8 49. d7 Re7 1/2-1/2

[Event "9th Holuj-Radzikowska Rapid 19"]
[Site "Wroclaw"]
[Date "2019.12.07"]
[Round "2"]
[White "Arabidze, Meri"]
[Black "Majdan, Joanna"]
[Result "1-0"]
[ECO "A06"]
[WhiteElo "2435"]
[BlackElo "2336"]
[Annotator "NA"]
[PlyCount "87"]
[EventDate "2019.12.06"]
[EventType "team-tourn"]
[EventCountry "POL"]
[SourceTitle "playchess.com"]
[Source "ChessBase"]
[SourceQuality "1"]
[WhiteTeam "Team World"]
[BlackTeam "Team Poland"]
[TimeControl "900+10"]

1. Nf3 d5 2. e3 Nf6 3. b3 g6 4. Bb2 Bg7 5. c4 c6 6. Be2 O-O 7. O-O a5 8. d4 a4 9. b4 dxc4 10. Bxc4 Nbd7 11. a3 Nb6 12. Ba2 Ne4 13. Nbd2 Bf5 14. Rc1 Nxd2 15. Qxd2 Be4 16. Qe2 Qd7 17. Nd2 Bd5 18. Bb1 Rad8 19. Ne4 Qc7 20. Nc5 e5 21. dxe5 Bxe5 22. Bxe5 Qxe5 23. Nxb7 Rde8 24. Nc5 f5 25. Qd2 Rd8 26. Qc3 Qe7 27. Rfe1 Qg5 28. e4 fxe4 29. Bxe4 Rd6 30. Qg3 Qxg3 31. hxg3 Nc4 32. Rc3 Nd2 33. Bxd5+ cxd5 34. Rd1 Nb3 35. Nxb3 axb3 36. Rxb3 Ra8 37. Rbd3 Kf7 38. Rxd5 Rxd5 39. Rxd5 Rxa3 40. Rd7+ Kf6 41. Rxh7 Ra1+ 42. Kh2 Rf1 43. f3 Rb1 44. Rb7 1-0

[Event "9th Holuj-Radzikowska Rapid 19"]
[Site "Wroclaw"]
[Date "2019.12.07"]
[Round "2"]
[White "Bulmaga, Irina"]
[Black "Zawadzka, Jolanta"]
[Result "0-1"]
[ECO "C67"]
[WhiteElo "2434"]
[BlackElo "2400"]
[Annotator "NA"]
[PlyCount "118"]
[EventDate "2019.12.06"]
[EventType "team-tourn"]
[EventCountry "POL"]
[SourceTitle "playchess.com"]
[Source "ChessBase"]
[SourceQuality "1"]
[WhiteTeam "Team World"]
[BlackTeam "Team Poland"]
[TimeControl "900+10"]

1. e4 e5 2. Nf3 Nc6 3. Bb5 Nf6 4. O-O Nxe4 5. d4 Nd6 6. dxe5 Nxb5 7. a4 Nbd4 8. Nxd4 Nxd4 9. Qxd4 d5 {C67: Ruy Lopez: Berlin Defence: 4 0-0 Nxe4} 10. c4 (10. Qd3 c6 11. a5 Be6 12. Nc3 Qd7 13. Ne2 Bf5 14. Qc3 Be7 15. Bh6 d4 16. Nxd4 gxh6 17. e6 Bxe6 18. Nxe6 {1-0 (30) Vitiugov,N (2726)-Harikrishna,P (2730) Prague 2019}) 10... Be6 11. c5 g6 $146 ({Predecessor:} 11... Be7 12. b4 O-O 13. Ra3 Bf5 14. Nc3 c6 15. a5 f6 16. Bf4 fxe5 17. Bxe5 {1-0 (64) Rogulj,B (2440)-Karaklajic,N (2460) Pula 1979}) 12. a5 Bg7 13. b4 a6 14. Bb2 O-O 15. Nd2 Qe7 16. f4 f6 17. Rae1 c6 18. Nf3 Rae8 19. Qd2 Qf7 20. Nd4 fxe5 21. fxe5 Qe7 22. Qe3 Rxf1+ 23. Rxf1 Bc8 24. e6 Bxe6 25. Re1 Qd7 26. h3 Bf7 27. Qf2 Rxe1+ 28. Qxe1 Qe8 29. Qxe8+ Bxe8 30. Kf2 g5 31. Ke3 Bg6 32. Bc3 Be5 33. Ne2 Bc7 $19 34. Bf6 h6 35. Kd4 Be4 36. g3 Kf7 37. Be5 Bd8 38. g4 Bg2 39. Ng3 Bxh3 40. Nf5 Kg6 41. Nd6 Bxg4 42. Nxb7 Be7 43. Nd6 Bd7 44. b5 cxb5 45. Kxd5 Bg4 46. c6 Bxd6 47. Kxd6 Kf7 48. c7 b4 49. Kc5 b3 50. Kb6 Bc8 51. Kc5 Ke6 52. Bd4 g4 53. Kc4 h5 54. Kxb3 h4 55. Bf2 g3 56. Be1 Kd5 57. Kc2 Ke4 58. Kd1 Kf3 59. Bb4 h3 0-1

[Event "9th Holuj-Radzikowska Rapid 19"]
[Site "Wroclaw"]
[Date "2019.12.07"]
[Round "2"]
[White "Zatonskih, Anna"]
[Black "Socko, Monika"]
[Result "1-0"]
[ECO "A46"]
[WhiteElo "2420"]
[BlackElo "2407"]
[Annotator "NA"]
[PlyCount "109"]
[EventDate "2019.12.06"]
[EventType "team-tourn"]
[EventCountry "POL"]
[SourceTitle "playchess.com"]
[Source "ChessBase"]
[SourceQuality "1"]
[WhiteTeam "Team World"]
[BlackTeam "Team Poland"]
[TimeControl "900+10"]

1. d4 Nf6 2. Nf3 e6 3. g3 c5 4. Bg2 cxd4 5. Nxd4 d5 6. O-O e5 7. Nb3 Nc6 8. Bg5 Be6 9. Nc3 d4 10. Ne4 Be7 11. Bxf6 Bxf6 12. Nbc5 Bc8 13. Nxf6+ Qxf6 14. c3 O-O 15. cxd4 exd4 16. Rc1 Rd8 17. Qa4 Qe7 18. Rfe1 Rb8 19. Qb5 Be6 20. Nxe6 Qxe6 21. b3 Ne5 22. Red1 a6 23. Qa5 Ng4 24. Bf3 h6 25. Qb4 Ne5 26. Rxd4 Nxf3+ 27. exf3 Rxd4 28. Qxd4 Qe2 29. Qa7 Rd8 30. Qxb7 Qxa2 31. Kg2 Qa5 32. Rc6 Qf5 33. Rxa6 Rd3 34. Ra8+ Kh7 35. Ra7 Kg6 36. b4 Rb3 37. Qc6+ Kh7 38. Rb7 g6 39. Qe4 Qxe4 40. fxe4 Kg7 41. e5 Kf8 42. h3 g5 43. b5 h5 44. b6 g4 45. hxg4 hxg4 46. Rb8+ Kg7 47. b7 Rb1 48. f4 gxf3+ 49. Kxf3 Rb5 50. Kf4 Kh7 51. Kf5 Kg7 52. g4 f6 53. Re8 Rxb7 54. exf6+ Kf7 55. Re7+ 1-0

[Event "9th Holuj-Radzikowska Rapid 19"]
[Site "Wroclaw"]
[Date "2019.12.07"]
[Round "2"]
[White "Cyfka, Karina"]
[Black "Houska, Jovanka"]
[Result "1/2-1/2"]
[ECO "B13"]
[WhiteElo "2410"]
[BlackElo "2412"]
[Annotator "NA"]
[PlyCount "96"]
[EventDate "2019.12.06"]
[EventType "team-tourn"]
[EventCountry "POL"]
[SourceTitle "playchess.com"]
[Source "ChessBase"]
[SourceQuality "1"]
[WhiteTeam "Team Poland"]
[BlackTeam "Team World"]
[TimeControl "900+10"]

1. e4 c6 2. d4 d5 3. exd5 cxd5 4. Bd3 Nf6 5. c3 Qc7 (5... Bg4 6. Qb3 Qb6 7. Qxb6 axb6 8. Bf4 Nc6 9. h3 Bh5 10. Na3 e6 11. Nb5 Kd7 12. a4 Ne8 13. Be2 Bg6 14. Nf3 {0-1 (31) Wei,Y (2721)-Vachier Lagrave,M (2774) chess.com INT 2019}) 6. Ne2 {B13: Caro-Kann: Exchange Variation and Panov-Botvinnik Attack} Bg4 7. O-O Nc6 8. Qe1 Bh5 9. Bf4 Qb6 $146 ({Predecessor:} 9... Qd7 10. Nd2 e6 11. Bg3 Bg6 12. Nf4 Nh5 13. Qe2 Nxf4 14. Bxf4 Bd6 {1-0 (49) Zierk,S (2476)-Ostrovskiy,A (2414) Charlotte 2018}) 10. b4 Bg6 11. Bxg6 hxg6 12. a4 a5 13. b5 Na7 14. Nd2 e6 15. c4 Bb4 16. c5 Qd8 17. Qd1 Nh5 18. Nf3 Nxf4 19. Nxf4 g5 20. Ne2 g4 21. Ne5 Qh4 22. h3 gxh3 23. g3 Qe4 24. f3 Qe3+ 25. Kh2 $14 f6 26. Ng4 Qd2 27. Qxd2 Bxd2 28. Rad1 Bb4 29. Nf4 Kf7 30. Nxh3 Nc8 31. Kg2 Ne7 32. Ne3 Rac8 33. Nf2 e5 34. dxe5 Bxc5 35. Nxd5 fxe5 36. Nxe7 Kxe7 37. Rfe1 Bxf2 38. Kxf2 Rh2+ 39. Ke3 Rc4 40. Rc1 Rxa4 41. Rc7+ Ke6 42. Rxb7 Ra3+ 43. Ke4 Ra4+ 44. Kd3 Rha2 45. Rc1 Rd4+ 46. Ke3 Ra3+ 47. Ke2 Ra2+ 48. Ke3 Ra3+ {Ke4} 1/2-1/2

[Event "9th Holuj-Radzikowska Rapid 19"]
[Site "Wroclaw"]
[Date "2019.12.07"]
[Round "2"]
[White "Sliwicka, Alicja"]
[Black "Badelka, Olga"]
[Result "1-0"]
[ECO "B32"]
[WhiteElo "2264"]
[BlackElo "2399"]
[Annotator "NA"]
[PlyCount "141"]
[EventDate "2019.12.06"]
[EventType "team-tourn"]
[EventCountry "POL"]
[SourceTitle "playchess.com"]
[Source "ChessBase"]
[SourceQuality "1"]
[WhiteTeam "Team Poland"]
[BlackTeam "Team World"]
[TimeControl "900+10"]

1. e4 c5 2. Nf3 Nc6 3. d4 cxd4 4. Nxd4 e5 5. Nb5 d6 6. c4 Be7 7. N1c3 a6 8. Na3 f5 9. exf5 Bxf5 10. Bd3 Be6 11. O-O Nf6 12. Nc2 Qd7 13. b3 O-O 14. Be3 Bd8 15. Nd5 Bxd5 16. cxd5 Ne7 17. Bg5 Bb6 18. Ne3 Kh8 19. Bxf6 Rxf6 20. Qh5 g6 21. Qg5 Raf8 22. Rae1 Bxe3 23. fxe3 Nxd5 24. Bc4 Rxf1+ 25. Rxf1 Rxf1+ 26. Bxf1 Kg7 27. h4 Qf5 28. Qd8 Qf6 29. Qc8 Qe7 30. e4 Nf6 31. Bd3 Qd7 32. Qc2 Nh5 33. Be2 Nf4 34. Bf3 Qc6 35. Qd2 Qc5+ 36. Kh2 Ne6 37. h5 gxh5 38. Bxh5 Nf4 39. Bf3 Qc7 40. Qe1 Qf7 41. Qh4 Ng6 42. Qd8 Qe7 43. Qc8 Qf7 44. Qd8 Qf4+ 45. Kg1 Qf6 46. Qd7+ Qe7 47. Qc8 Nf4 48. Qg4+ Kf8 49. Qf5+ Qf7 50. Qc8+ Kg7 51. Qg4+ Ng6 52. Qc8 Qe7 53. Bg4 Nf4 54. Bf3 Ne6 55. Bg4 Nd4 56. Bh3 Kh6 57. Qg8 Qf6 58. Bg4 Qg7 59. Qxg7+ Kxg7 60. Bc8 a5 61. Bxb7 Ne2+ 62. Kf2 Nc3 63. a4 Na2 64. Ke3 Nb4 65. Kd2 Kf6 66. Kc3 Na2+ 67. Kc4 Nc1 68. Bd5 Ne2 69. b4 Ke7 70. bxa5 Kd8 71. a6 1-0

[Event "9th Holuj-Radzikowska Rapid 19"]
[Site "Wroclaw"]
[Date "2019.12.07"]
[Round "2"]
[White "Antolak, Julia"]
[Black "Bodnaruk, Anastasia"]
[Result "0-1"]
[ECO "B90"]
[WhiteElo "2249"]
[BlackElo "2413"]
[Annotator "NA"]
[PlyCount "70"]
[EventDate "2019.12.06"]
[EventType "team-tourn"]
[EventCountry "POL"]
[SourceTitle "playchess.com"]
[Source "ChessBase"]
[SourceQuality "1"]
[WhiteTeam "Team Poland"]
[BlackTeam "Team World"]
[TimeControl "900+10"]

1. e4 c5 2. Nf3 d6 3. d4 cxd4 4. Nxd4 Nf6 5. Nc3 a6 6. Be3 e5 7. Nb3 Be6 8. f3 Nbd7 9. Qd2 Be7 10. O-O-O b5 11. g4 O-O 12. g5 Nh5 13. Nd5 Bxd5 {[%emt 0:00:05] B90: Sicilian Najdorf: Unusual White 6th moves, 6 Be3 Ng4 and 6 Be3 e5} 14. exd5 f6 15. gxf6 Bxf6 (15... Rxf6 16. Na5 Nf4 17. Nc6 Qf8 18. Kb1 Bd8 19. c4 Bb6 20. cxb5 axb5 21. Bxb5 {1-0 (47) Dominguez Perez,L (2750)-Paravyan,D (2610) Sochi 2019}) 16. Na5 Nf4 17. Nc6 Qe8 18. Bd3 {[%emt 0:00:29] [#]} Qh5 $146 ({Predecessor:} 18... Bg5 19. Kb1 Kh8 20. Be4 Nf6 21. Rhg1 {0-1 (59) Martinez Fernandez,A (2268)-Esipenko,A (2589) Barcelona 2018}) 19. Be4 Bg5 20. Kb1 Nh3 21. Bxg5 Nxg5 22. Ne7+ Kh8 23. Nf5 Rxf5 24. Bxf5 Nxf3 25. Qc3 Qxf5 $19 26. Qc6 Re8 27. Qxa6 e4 28. Qxb5 e3 29. Qe2 Qe4 30. Rhf1 Nd2+ 31. Rxd2 exd2 32. Qxd2 Nf6 33. Rd1 Nxd5 34. a4 Ne3 35. Re1 Nc4 0-1

[Event "9th Holuj-Radzikowska Rapid 19"]
[Site "Wroclaw"]
[Date "2019.12.07"]
[Round "3"]
[White "Arabidze, Meri"]
[Black "Sliwicka, Alicja"]
[Result "1/2-1/2"]
[ECO "A05"]
[WhiteElo "2435"]
[BlackElo "2264"]
[Annotator "NA"]
[PlyCount "92"]
[EventDate "2019.12.06"]
[EventType "team-tourn"]
[EventCountry "POL"]
[SourceTitle "playchess.com"]
[Source "ChessBase"]
[SourceQuality "1"]
[WhiteTeam "Team World"]
[BlackTeam "Team Poland"]
[TimeControl "900+10"]

1. Nf3 Nf6 2. c4 d6 3. d4 Nbd7 4. Nc3 e5 5. g3 Be7 6. Bg2 O-O 7. O-O c6 8. e4 Re8 9. Re1 Bf8 10. h3 a6 11. d5 Qc7 12. Be3 b5 13. dxc6 Qxc6 14. cxb5 axb5 15. Rc1 Qb7 16. b4 Nb6 17. Nxb5 Nc4 18. a4 Be6 19. Ng5 Nb2 20. Qe2 Nxa4 21. Nc7 Bb3 22. Nxa8 Rxa8 23. b5 h6 24. Qd3 Ba2 25. Rc2 Nc5 26. Bxc5 dxc5 27. Nf3 c4 28. Rxc4 Bxc4 29. Qxc4 Rc8 30. Qe2 Rc5 31. Bf1 Nd7 32. Rd1 Nf6 33. Nd2 Rc3 34. Kh2 Kh7 35. Rb1 Bc5 36. Rb3 Rc1 37. Rf3 Bb6 38. Nc4 Bd4 39. Nd6 Qa7 40. Nf5 Qb7 41. Nd6 Qc7 42. Nf5 Rc2 43. Qe1 Rc1 44. Qe2 Rc2 45. Qe1 Rc1 46. Qe2 Rc2 1/2-1/2

[Event "9th Holuj-Radzikowska Rapid 19"]
[Site "Wroclaw"]
[Date "2019.12.07"]
[Round "3"]
[White "Houska, Jovanka"]
[Black "Majdan, Joanna"]
[Result "1-0"]
[ECO "B06"]
[WhiteElo "2412"]
[BlackElo "2336"]
[Annotator "NA"]
[PlyCount "92"]
[EventDate "2019.12.06"]
[EventType "team-tourn"]
[EventCountry "POL"]
[SourceTitle "playchess.com"]
[Source "ChessBase"]
[SourceQuality "1"]
[WhiteTeam "Team World"]
[BlackTeam "Team Poland"]
[TimeControl "900+10"]

1. d4 g6 2. e4 Bg7 3. Nc3 d6 4. Be3 a6 5. f4 b5 6. Be2 Nd7 7. Bf3 e5 8. fxe5 dxe5 9. d5 Ne7 10. Qd2 h6 11. Nge2 Bb7 12. O-O-O Nc8 13. h4 Nd6 14. b3 h5 15. Rdg1 Qe7 16. g4 hxg4 17. Rxg4 Nf6 18. Bg5 Qf8 19. Rgg1 b4 20. Na4 Ndxe4 21. Qd3 Nf2 22. Qc4 Nxh1 23. Nc5 Qe7 24. Nxb7 Nf2 25. Ng3 Nh3 26. Re1 Nxg5 27. hxg5 Nd7 28. Ne4 Nb6 29. Qc6+ Kf8 30. Nbc5 Rd8 31. Nf6 Qd6 32. Nxa6 Bxf6 33. gxf6 Nxd5 34. Bxd5 Qxd5 35. Qxc7 Qd2+ 36. Kb2 Qd4+ 37. Kb1 Rh2 38. Nc5 Qd6 39. Ne6+ Qxe6 40. Qxd8+ Qe8 41. Qd6+ Kg8 42. Rxe5 Rh1+ 43. Kb2 Qc8 44. Qxb4 Rh2 45. Qe4 Kh7 46. Re7 Qd8 1-0

[Event "9th Holuj-Radzikowska Rapid 19"]
[Site "Wroclaw"]
[Date "2019.12.07"]
[Round "3"]
[White "Cyfka, Karina"]
[Black "Zatonskih, Anna"]
[Result "*"]
[ECO "D53"]
[WhiteElo "2410"]
[BlackElo "2420"]
[Annotator "NA"]
[PlyCount "24"]
[EventDate "2019.12.06"]
[EventType "team-tourn"]
[EventCountry "POL"]
[SourceTitle "playchess.com"]
[Source "ChessBase"]
[SourceQuality "1"]
[WhiteTeam "Team Poland"]
[BlackTeam "Team World"]
[TimeControl "900+10"]

1. d4 d5 2. c4 e6 3. Nc3 Nf6 4. Bg5 Be7 5. e3 O-O 6. Qc2 h6 7. Bxf6 Bxf6 8. Nf3 a6 9. cxd5 exd5 10. h3 Re8 11. O-O-O b5 12. g4 Be6 *

[Event "9th Holuj-Radzikowska Rapid 19"]
[Site "Wroclaw"]
[Date "2019.12.07"]
[Round "3"]
[White "Cyfka, Karina"]
[Black "Zatonskih, Anna"]
[Result "1-0"]
[ECO "D55"]
[WhiteElo "2410"]
[BlackElo "2420"]
[Annotator "NA"]
[PlyCount "191"]
[EventDate "2019.12.06"]
[EventType "team-tourn"]
[EventCountry "POL"]
[SourceTitle "playchess.com"]
[Source "ChessBase"]
[SourceQuality "1"]
[WhiteTeam "Team Poland"]
[BlackTeam "Team World"]
[TimeControl "900+10"]

1. d4 d5 2. c4 e6 3. Nc3 Nf6 4. Bg5 Be7 5. e3 O-O 6. Nf3 h6 7. Bxf6 Bxf6 8. Qc2 a6 9. cxd5 exd5 10. h3 Re8 11. O-O-O b5 12. g4 Be6 13. Kb1 Nd7 14. Rg1 c5 15. Ne2 Rc8 16. Rc1 Qa5 17. Qd2 Qxd2 18. Nxd2 c4 19. Nf4 g5 20. Nh5 Bh8 21. f4 Nf6 22. Nxf6+ Bxf6 23. Nf3 Rcd8 24. Ne5 Bxe5 25. fxe5 f6 26. exf6 Kf7 27. Bg2 Kxf6 28. Kc2 Kg7 29. Kd2 Rd6 30. Rgf1 Bf7 31. Rf5 Be6 32. Re5 Bf7 33. Rf1 Rxe5 34. dxe5 Rd7 35. Kc3 a5 36. Kd4 b4 37. Rf6 Rc7 38. Rf1 c3 39. b3 c2 40. Rc1 Rc3 41. Bxd5 Bxd5 42. Kxd5 Kf7 43. Kd6 Rd3+ 44. Kc5 Rd2 45. Kb5 Rd5+ 46. Kc4 Rxe5 47. Kd4 Ke6 48. Rxc2 Rd5+ 49. Ke4 Re5+ 50. Kd3 Rd5+ 51. Ke2 Ke5 52. Rc6 Rb5 53. Kf3 a4 54. bxa4 Ra5 55. Rxh6 Rxa4 56. Rb6 Kd5 57. Rb8 Kc4 58. Rc8+ Kd3 59. Rd8+ Kc3 60. Rd5 Rxa2 61. Rxg5 b3 62. Rc5+ Kd2 63. Rb5 b2 64. g5 Kc2 65. h4 Ra3 66. g6 Rb3 67. Rxb3 Kxb3 68. g7 b1=Q 69. g8=Q+ Kc3 70. Qc8+ Kd2 71. Qd7+ Ke1 72. Kf4 Qg6 73. Qf5 Qh6+ 74. Qg5 Qd6+ 75. Kf3 Qd1+ 76. Kg3 Qd6+ 77. Qf4 Qg6+ 78. Kh2 Qc2+ 79. Kh3 Qc8+ 80. Kg3 Qe8 81. e4 Qg6+ 82. Kh3 Qe6+ 83. Qg4 Qf6 84. Qf5 Qc3+ 85. Kg4 Qg7+ 86. Qg5 Qd7+ 87. Kf3 Qd1+ 88. Kf4 Qd6+ 89. e5 Qd2+ 90. Kf5 Qd7+ 91. e6 Qd5+ 92. Kf6 Qd8+ 93. Kf7 Qc7+ 94. e7 Kf2 95. h5 Qc4+ 96. Kg7 1-0